AoeStats
← [ESTG] The Surrendor

Hideout

508110542Analyzed
1v1 RM · 12d ago on Sep 20, 2026· 43m 30s· 2 players
Game mode
Random Map
Map size
Tiny (2 player)
Population
200
Speed
Normal
Resources
Standard
Victory
Conquest
Starting age
Dark Age
Ending age
Imperial Age
RankedLock teamsTeams togetherTeam positionsShared explorationLock speedFull tech treeHidden civsTurbo modeCheats
Victory
Defeat
🇨🇴 Mapuche · Colombia
1499
+15
🇦🇷 Japanese · Argentina
1483
-15
EXILE | Obi
8:55 Feudal Age
9:12 Man-at-Arms
9:47 Loom
22:11 Castle Age
21:39 Arson
22:27 Fletching
26:01 Double-Bit Axe
29:13 Horse Collar
30:30 Town Watch
33:05 Wheelbarrow
35:14 Bow Saw
39:35 Imperial Age
37:10 Heavy Plow
37:27 Bodkin Arrow
39:34 Ballistics
38:44 Elite Skirmisher
40:27 Bracer
40:28 Padded Archer Armor
41:40 Chemistry
40:55 Thumb Ring
41:17 Parthian Tactics
42:18 Bloodlines
42:09 Husbandry
[ESTG] The Surrendor
10:59 Feudal Age
9:34 Loom
20:32 Castle Age
20:39 Fletching
21:37 Double-Bit Axe
26:03 Bow Saw
29:04 Arson
31:35 Horse Collar
32:32 Wheelbarrow
37:45 Imperial Age
35:04 Town Watch
35:43 Bodkin Arrow
36:48 Ballistics
36:56 Masonry
38:03 Forging
37:55 Gold Mining
37:56 Stone Mining
39:52 Chemistry
40:05 Iron Casting
40:26 Conscription
40:44 Padded Archer Armor
41:53 Leather Archer Armor
42:02 Elite Kona
Connection lost

Rejoining the realm…

Still unreachable

The connection could not be restored.

Session expired

The server has moved on; the page needs a fresh start.